 Dungeon Crawl Stone Soup version 0.19-a0-599-g723c685 (webtiles) character file.

60 TheGoonsmith the Sneak (level 4, -2/21 HPs)
             Began as a Vine Stalker Enchanter on June 11, 2016.
             Slain by Grinder (3 damage)
             ... on level 3 of the Dungeon.
             The game lasted 00:03:51 (1556 turns).

TheGoonsmith the Sneak (Vine Stalker Enchanter)     Turns: 1556, Time: 00:03:52

Health: -2/21      AC:  4    Str: 10    XL:     4   Next: 4%
Magic:  0/8        EV: 12    Int: 15    God:
Gold:   42         SH:  0    Dex: 16    Spells: 1 memorised, 6 levels left

rFire  . . .     SeeInvis .     a - +1 dagger
rCold  . . .     Gourm    .     b - +1 robe
rNeg   . . .     Faith    .     (no shield)
rPois  .         Spirit   +     (no helmet)
rElec  .         Dismiss  .     f - +0 cloak
rCorr  .         Reflect  .     (no gloves)
SustAt .         Harm     .     (no boots)
MR     .....                    (no amulet)
Stlth  +++.......               (no ring)
                                (no ring)

@: flying, not resistant to hostile enchantments, fairly stealthy
A: fangs 2, regeneration 1, magic shield, antimagic bite, no device heal 3, rot
immunity
a: no special abilities


You were on level 3 of the Dungeon.
You were not hungry.

You visited 1 branch of the dungeon, and saw 3 of its levels.

You collected 42 gold pieces.

Inventory:

Hand Weapons
 a - a +1 dagger (weapon)
Armour
 b - a +1 robe (worn)
 f - a +0 cloak (worn)
Jewellery
 h - a cursed amulet of inaccuracy {unknown}
Scrolls
 e - a scroll of remove curse {unknown}
 i - 4 scrolls of random uselessness {unknown}
 k - 3 scrolls of recharging {unknown}
 n - a scroll of fog {unknown}
 o - 2 scrolls of identify {unknown}
 r - a scroll of enchant armour {unknown}
Potions
 m - a potion of curing {unknown}
 q - a potion of brilliance {unknown}
Books
 c - a book of Maledictions

   Spells                             Type                      Level
   a - Corona                         Hexes                        1
   b - Ensorcelled Hibernation        Hexes/Ice                    2
   c - Confuse                        Hexes                        3
   d - Tukima's Dance                 Hexes                        3
   e - Dazzling Spray                 Conjuration/Hexes            3
Comestibles
 d - a bread ration
 g - a beef jerky
 j - a meat ration
 p - 2 fruits


   Skills:
 * Level 3.3 Short Blades
 - Level 1.5 Dodging
 - Level 3.6 Stealth
 - Level 2.1 Spellcasting
 - Level 3.0 Hexes


You had 6 spell levels left.
You knew the following spells:

 Your Spells              Type           Power        Failure   Level  Hunger
a - Corona                Hex            ##.....      8%          1    #......


Dungeon Overview and Level Annotations

Branches:
Dungeon (3/15)

Altars:
Vehumet

Annotations:
D:3 Grinder


Innate Abilities, Weirdness & Mutations

You have extremely sharp teeth.
Your natural rate of healing is unusually fast.
When hurt, damage is shared between your health and your magic reserves.
Your bite disrupts and absorbs the magic of your enemies.
Potions and wands cannot restore your health.
You are immune to rotting.


Message History

Grinder is moderately wounded.
You hit Grinder. You bite Grinder, but do no damage.
Grinder is heavily wounded.
Grinder closely misses you.
You hit Grinder. Your bite misses Grinder.
Grinder is heavily wounded.
Grinder hits you.
You writhe in agony.
You hit Grinder.
Grinder is heavily wounded.
Grinder barely misses you.
You hit Grinder.
Grinder is heavily wounded.
Grinder hits you.
* * * LOW HITPOINT WARNING * * *
You writhe in agony.
* * * LOW HITPOINT WARNING * * *
It was a potion of flight.
You feel very buoyant.
You fly up into the air.
Grinder hits you.
You die...

#.. #.# #.#.#
### ##.#.## ...
..... ...#.#.#
###.#.#)#######
.......@.......
..#.#..5..#####
###.#.#.....#
.......<....#
..b.#.#.#.###
.. ...#.#.# #.#
#.#.# ... #.#.#
.# #.#.#


You could see Grinder.

Vanquished Creatures
  2 adders (D:2)
  An ooze (D:2)
  A worm (D:2)
  2 dart slugs (D:1)
  3 giant cockroaches
  A goblin (D:2)
  A hobgoblin (D:2)
  5 jackals
  5 bats
  A giant newt (D:1)
  5 kobolds
  3 rats
30 creatures vanquished.

Notes
Turn   | Place    | Note
--------------------------------------------------------------
     0 | D:1      | TheGoonsmith the Vine Stalker Enchanter began the quest for the Orb.
     0 | D:1      | Reached XP level 1. HP: 9/9 MP: 4/4
    16 | D:1      | Reached skill level 1 in Short Blades
   221 | D:1      | Reached XP level 2. HP: 13/13 MP: 6/6
   299 | D:1      | You fall through a shaft!
   988 | D:2      | Reached XP level 3. HP: 7/16 MP: 7/7
  1352 | D:2      | Reached XP level 4. HP: 21/21 MP: 8/8
  1412 | D:2      | Found a radiant altar of Vehumet.
  1533 | D:3      | Noticed Grinder
  1541 | D:3      | Paralysed by Grinder for 2 turns
  1555 | D:3      | HP: 1/21 [Grinder (4)]
  1556 | D:3      | Slain by Grinder

Vault maps used:
D:1:      arrival_zaba_pyramid, minmay_stone_trees_small
D:2:      nicolae_overflow_hidden_temple, minmay_cupped
D:3:      grunt_temple_overflow_growth_and_decay, lemuel_doored_altar,
          uniq_iyjb, uniq_grinder

Skill      XL: |  1  2  3 |
---------------+----------+-----
Short Blades   | 1 2 3 |  3.3
Dodging        | |  1.5
Stealth        | |  3.6
Spellcasting   | |  2.1
Hexes          | |  3.0

Action                   |  1- 3 |  4- 6 || total
-------------------------+-------+-------++-------
Melee: Dagger            |   153 |    18 ||   171
       Bite              |    39 |     5 ||    44
  Use: Potion            |       |     1 ||     1
 Stab: Sleeping          |     8 |     2 ||    10
  Eat: Chunk             |     2 |       ||     2
Armor: Robe              |    39 |     2 ||    41
Dodge: Dodged            |    79 |     7 ||    86
